Map: Cactus Valley LE (Void)

Players

Musumeci

  • Race: Zerg Zerg
  • League: Diamond
  • Spawn Location: 1:00

Jyrgal - Winner!

  • Race: Zerg Zerg
  • League: Diamond
  • Spawn Location: 7:00

VOD

Have the link to the VOD?

Description

Time

  • Played on: March 15, 2017, 9:48 a.m.
  • Length: 6:00
Show
View Real Time Build Order
Export as new Build Order

Musumeci Zerg 

Build Orders: Pool First 

Get SALT Encoding   

  12  0:01  Drone  
  13  0:10  Drone  
  14  0:17  Overlord  
  14  0:24  Drone, Extractor  
  15  0:35  Drone x2  
  17  0:46  Drone, Extractor  
  17  0:55  Spawning Pool  
  16  0:57  Drone  
  17  1:06  Drone  
  18  1:29  Hatchery  
  18  1:32  Drone  
  18  1:43  Queen  
  20  1:51  Metabolic Boost  
  20  2:06  Drone x2  
  22  2:09  Overlord  
  22  2:27  Queen  
  22  2:29  Drone  
  25  2:30  Drone  
  26  2:39  Baneling Nest, Zergling x2  
  26  2:47  Zergling x2  
  27  2:55  Drone  
  27  2:56  Drone x3  
  31  3:02  Zergling x2  
  32  3:15  Drone x2  
  34  3:21  Zergling x2  
  34  3:22  Zergling x2  
  36  3:28  Baneling x3  
  36  3:29  Hatchery  
  36  3:32  Drone  
  36  3:33  Extractor  
  35  3:36  Drone x2, Extractor  
  36  3:45  Baneling  
  35  3:57  Baneling  
  35  3:59  Drone  
  36  4:12  Overlord  
  35  4:39  Baneling x2, Zergling x10  
  35  4:40  Zergling x6  
  42  4:49  Queen  
  41  5:13  Drone x9  
  49  5:25  Extractor  
Show
View Real Time Build Order
Export as new Build Order

Jyrgal Zerg - Winner!

Build Orders: Hatch First 

Get SALT Encoding   

  12  0:06  Drone  
  13  0:14  Overlord  
  13  0:20  Drone  
  14  0:34  Drone x2  
  16  0:38  Drone  
  17  0:43  Extractor  
  17  0:56  Hatchery  
  16  0:58  Drone  
  16  1:02  Drone, Extractor  
  17  1:21  Drone  
  17  1:22  Spawning Pool  
  17  1:26  Drone  
  18  1:39  Drone  
  19  1:42  Drone  
  20  2:01  Overlord  
  20  2:09  Queen  
  20  2:10  Queen  
  20  2:11  Metabolic Boost  
  20  2:13  Zergling x2  
  25  2:23  Drone  
  25  2:24  Drone  
  25  2:25  Evolution Chamber  
  25  2:28  Drone  
  27  2:31  Drone  
  29  2:37  Drone  
  29  2:38  Drone  
  30  2:51  Zerg Melee Weapons Level 1  
  30  2:54  Zergling x6  
  33  2:59  Baneling Nest  
  32  3:07  Overlord  
  31  3:17  Zergling x6  
  34  3:35  Hatchery  
  34  3:41  Zergling x8  
  35  3:42  Zergling x2  
  35  3:46  Zergling x2  
  34  3:55  Baneling  
  34  3:58  Zergling x6  
  34  4:00  Zergling x2  
  38  4:08  Zergling x4  
  40  4:10  Baneling x3  
  40  4:15  Overlord  
  39  4:29  Zergling x6  
  42  4:33  Baneling x2  
  42  4:35  Zergling x8  
  42  4:36  Zergling x2  
  45  5:04  Zergling x6  
  45  5:05  Zergling x8  
  47  5:22  Zergling x2  
  47  5:23  Zergling x4  
  47  5:24  Overlord x2  
  45  5:42  Baneling  
  45  5:43  Baneling  
Tags
 
Add a new tag
Caveats
  • Supply blocks, unpowered buildings, or Contaminate may cause inaccurate times.
  • Supply counts are checked every 10 seconds.